 Dungeon Crawl Stone Soup version 0.29-a0-39-g581ba40fa7 (webtiles) character file.

Game seed: 14102472147604225448

63145 Essalna the Geomancer (level 15, -7/104 HPs)
             Began as a Gargoyle Earth Elementalist on Feb 1, 2022.
             Was a High Priest of Vehumet.
             Killed from afar by an orc sorcerer (23 damage)
             ... with a bolt of fire
             ... led by an orc knight
             ... on level 2 of the Orcish Mines.
             The game lasted 01:00:25 (31956 turns).

Essalna the Geomancer (GrEE)                       Turns: 31956, Time: 01:00:25

Health: -7/104     AC: 24    Str: 12    XL:     15   Next: 8%
Magic:  3/30       EV: 17    Int: 26    God:    Vehumet [*****.]
Gold:   1271       SH:  4    Dex: 10    Spells: 19/36 levels left

rFire   . . .      SeeInvis .   C - +7 dagger of the Saviour {vorpal, rElec Int+3}
rCold   . . .      Faith    .   B - +0 buckler
rNeg    + . .      Spirit   .   u - +2 robe
rPois   ∞          Reflect  .   d - +0 helmet
rElec   +          Harm     .   K - +1 cloak {Stlth+}
rCorr   .          Rampage  .   (no gloves)
Will    +....                   (no boots)
Stlth   +++.......              p - amulet of the acrobat
HPRegen 0.27/turn               s - +4 ring of evasion
MPRegen 0.22/turn               M - +4 ring of protection

@: about to teleport, flying, studying Armour
A: sickness immunity, AC +11, big wings, negative energy resistance 1,
electricity resistance, torment resistance 1, petrification resistance, robust
1, MP-powered wands
a: Renounce Religion


You were on level 2 of the Orcish Mines.
You worshipped Vehumet.
Vehumet was extremely pleased with you.
You visited 4 branches of the dungeon, and saw 20 of its levels.
You also visited: Bailey.

You collected 1683 gold pieces.
You spent 412 gold pieces at shops.

Inventory:

Hand Weapons
 e - the +8 Wrath of Trog {antimagic, *Rage Rampage}
   (You took it off an orc warrior in a bailey)

   It reduces the magical energy of the wielder, and disrupts the spells and
   magical abilities of those it strikes.
   Natural abilities and divine invocations are not affected.
   It causes slowness and exhaustion when equipped.
   It extends the wielder's berserk rage when killing foes.
   *Rage:     It berserks you when you make melee attacks (+50% chance).
   Rampage:   It bestows one free step when moving towards enemies.
 C - the +7 dagger of the Saviour (weapon) {vorpal, rElec Int+3}
   (You found it on level 6 of the Dungeon)

   It inflicts extra damage upon your enemies.
   Int:       It affects your intelligence (+3).
   rElec:     It insulates you from electricity.
Missiles
 c - 163 stones
 w - 2 throwing nets
Armour
 b - a +0 robe
 d - a +0 helmet (worn)
 u - a +2 robe (worn)
 B - a +0 buckler (worn)
 K - a +1 cloak of stealth (worn)
 Q - a +1 robe of positive energy
 U - a +0 troll leather armour
Jewellery
 p - an amulet of the acrobat (around neck)
 s - a +4 ring of evasion (left hand)
 F - an amulet of guardian spirit
 H - an amulet of faith
 I - a ring of ice
 J - a ring of see invisible
 M - a +4 ring of protection (right hand)
 O - a ring of protection from fire
 T - a ring of willpower
Wands
 l - a wand of paralysis (30)
 y - a wand of acid (8)
 P - a wand of digging (3)
Scrolls
 a - 3 scrolls of enchant weapon
 h - 17 scrolls of identify
 i - 2 scrolls of teleportation
 j - 3 scrolls of fog
 q - 2 scrolls of holy word
 t - a scroll of torment
 v - 4 scrolls of noise
 D - 3 scrolls of immolation
 G - 3 scrolls of silence {unknown}
 L - 3 scrolls of magic mapping
 N - a scroll of acquirement {unknown}
 S - a scroll of brand weapon {unknown}
Potions
 f - 4 potions of brilliance
 k - 3 potions of degeneration
 m - 3 potions of lignification
 n - a potion of cancellation
 o - 4 potions of mutation
 r - 2 potions of resistance {unknown}
 x - a potion of might {unknown}
 z - 11 potions of curing {unknown}
 A - 2 potions of flight {unknown}
 E - a potion of attraction {unknown}
 R - a potion of haste {unknown}


   Skills:
 + Level 11.2 Fighting
 - Level 13.5 Armour
 - Level 7.5 Dodging
 - Level 2.1 Stealth
 - Level 4.0 Shields
 + Level 11.3 Spellcasting
 + Level 13.0 Conjurations
 - Level 0.7 Transmutations
 + Level 1.3 Fire Magic
 + Level 14.7 Earth Magic


You had 19 spell levels left.
You knew the following spells:

 Your Spells              Type           Power      Damage    Failure   Level
a - Sandblast             Erth           100%       2d20      0%          1
b - Passwall              Tmut/Erth      44%        N/A       1%          2
c - Stone Arrow           Conj/Erth      100%       3d13      1%          3
d - Iron Shot             Conj/Erth      36%        9d7       1%          6
e - Fireball              Conj/Fire      25%        3d11      2%          5

Your spell library contained the following spells:

 Spells                   Type           Power      Damage    Failure   Level
 Foxfire                  Conj/Fire      100%       2x1d9     1%          1
 Freeze                   Ice            56%        1d7       1%          1
 Conjure Flame            Conj/Fire      51%        6-21      1%          3
 Flame Wave               Conj/Fire      51%        2d10      1%          4
 Animate Armour           Summ/Erth      100%       N/A       2%          4
 Petrify                  Tmut/Erth      53%        N/A       2%          4
 Irradiate                Conj/Tmut      25%        3d21      2%          5
 Inner Flame              Hex/Fire       18%        N/A       3%          3
 Frozen Ramparts          Ice            28%        1d4       4%          3
 Animate Skeleton         Necr           28%        N/A       5%          1
 Summon Small Mammal      Summ           56%        N/A       5%          1
 Blink                    Tloc           28%        N/A       8%          2
 Call Canine Familiar     Summ           14%        N/A       16%         3
 Confusing Touch          Hex            14%        N/A       16%         3
 Gell's Gravitas          Tloc           14%        N/A       16%         3
 Lesser Beckoning         Tloc           14%        N/A       16%         3
 Summon Guardian Golem    Hex/Summ       14%        N/A       16%         3
 Teleport Other           Tloc           14%        N/A       16%         3
 Lehudib's Crystal Spear  Conj/Erth      36%        10d9      28%         8
 Yara's Violent Unravell  Hex/Tmut       8%         3d5       30%         5
 Ice Form                 Ice/Tmut       16%        N/A       41%         4
 Cause Fear               Hex            7%         N/A       45%         4
 Summon Ice Beast         Ice/Summ       14%        N/A       45%         4
 Blade Hands              Tmut           9%         N/A       71%         5
 Manifold Assault         Tloc           14%        N/A       82%         5
 Shatter                  Erth           37%        3d29*     95%         9
 Dispersal                Tloc           7%         N/A       100%        6
 Dragon Form              Tmut           9%         N/A       100%        7
 Enfeeble                 Hex            7%         N/A       100%        7
 Dragon's Call            Summ           7%         N/A       100%        9
 Sublimation of Blood     Necr           Unusable   N/A       N/A         2

Dungeon Overview and Level Annotations

Branches:
Dungeon (11/15)            Temple (1/1) D:5            Lair (6/6) D:9
 Shoals (0/4) Lair:3       Spider (0/4) Lair:2        Slime (0/5) Lair:6
    Orc (1/2) D:11         Bailey (visited)

Altars:
Ashenzari
Cheibriados
Dithmenos
Elyvilon
Fedhas
Gozag
Hepliaklqana
Kikubaaqudgha
Nemelex Xobeh
Okawaru
Sif Muna
Trog
Uskayaw
Vehumet
Wu Jian
Yredelemnul
Zin
The Shining One
Beogh
Jiyva

Shops:
D:6 [   D:11 [(

Portals:
Abyss: Orc:1
Ice
Cave: Orc:1

Annotations:
Orc:1 Sonja; mfcas's ghost, journeyman DjCj


Innate Abilities, Weirdness & Mutations

You are immune to sickness and miasma.
Your stone body is resilient. (AC +11)
You are immune to poison.
Your large and strong wings let you fly.
You resist negative energy. (rN+)
You are resistant to electric shocks. (rElec)
You are resistant to unholy torment.
You are immune to petrification.
You are robust. (+10% HP)
You expend magic power (3 MP) to strengthen your wands.


Message History

n - a potion of cancellation
As you read the scroll of identify, it crumbles to dust.
t - a scroll of torment A sourceless malevolence fills the Orcish Mines...
You are sucked into a shaft and drop 1 floor!
The shaft crumbles and collapses. 6 orcs and an ogre come into view.
The orc shouts! x2; The orc warrior shouts!
The orc shouts!
The orc wizard shouts!
The orc sorcerer shouts!
You hear a shout!
It was a potion of mutation.
You feel extremely strange.
You feel robust.
You feel your magical essence link to the dungeon's wands.
An orc priest comes into view. It is wielding a +0 dagger.
An orc knight comes into view. It is wielding a +2 battleaxe.
The orc wizard points at you and mumbles some strange words.
You resist with almost no effort.
Okay, then.
As you read the scroll of fear, it crumbles to dust.
You assume a fearsome visage.
The orc warrior looks frightened!
The orc wizard looks frightened!
The orc looks frightened! x3
The ogre looks frightened!
The ogre shouts!
The orc knight looks frightened!
The orc knight shouts!
The orc priest looks frightened!
The orc sorcerer resists with some effort.
The orc sorcerer points at you and mumbles some strange words.
The bolt of fire hits you!
* * * LOW HITPOINT WARNING * * *
The bolt of fire hits the orc!
The orc dies!
The orc wizard casts a spell.
The orc wizard flickers and vanishes!
Deactivating autopickup; reactivate with Ctrl-A.
As you read the scroll of teleportation, it crumbles to dust.
You feel strangely unstable.
The ogre begs, "Why can't we all just get along?"
The orc sorcerer casts a spell at you. The bolt of fire hits you!!
You die...

##### #.)@#
...............
..o........o...
....o..........
.............O.
........##.....
.o.....{. .....
......... .....


You could see an orc sorcerer, an orc warrior (fleeing), an ogre (fleeing) and 2
orcs.

Vanquished Creatures
  2 acid blobs (Lair:6)
  2 hydras
  A boulder beetle (Lair:5)
  3 two-headed ogres
  4 death yaks
  The ghost of Conn the Arsonist, a journeyman OpFE (D:10)
  12 spriggans
  3 lindwurms
  Pikel (D:5)
  A deep elf pyromancer (D:11)
  An ugly thing (D:11)
  17 elephants
  6 black mambas
  3 merfolk sirens (Lair:3)
  A gargoyle (D:11)
  15 cane toads
  5 rime drakes
  An ice devil (Orc:1)
  3 komodo dragons
  3 polar bears
  A merfolk (Lair:3)
  A troll (Orc:1)
  6 hornets
  10 blink frogs
  A meliai zombie (D:9)
  12 dream sheep (Lair:6)
  6 slime creatures (D:10)
  A wraith (D:10)
  2 vampires
  Sigmund (D:2)
  Eustachio (D:4)
  69 yaks
  8 basilisks
  4 wyverns
  2 steam dragons
  Duvessa (D:4)
  12 water moccasins
  22 orc warriors
  A sky beast (D:7)
  5 black bears
  A necrophage (D:4)
  3 boggarts (Lair:6)
  17 centaurs
  5 ogres
  32 wolves
  3 lemures
  A phantom (D:5)
  A kobold brigand (D:9)
  2 wyvern zombies (D:5)
  2 gnoll sergeants
  4 scorpions
  12 bullfrogs
  Dowan (D:4)
  A wyvern skeleton (D:5)
  A water moccasin skeleton (D:4)
  5 howler monkeys
  7 centaur zombies
  A bullfrog zombie (D:6)
  4 hounds (D:6)
  A bullfrog skeleton (D:6)
  2 jellies
  A centaur skeleton (D:6)
  7 orc priests
  A gnoll shaman (D:6)
  3 iguanas
  9 orc wizards
  5 hell rats (Lair:6)
  A killer bee zombie (D:7)
  2 hound skeletons (D:5)
  A howler monkey zombie (D:8)
  17 gnolls
  9 adders
  An ufetubus (D:5)
  2 adder skeletons (D:4)
  4 worms
  2 dart slugs
  73 orcs
  5 ball pythons
  8 bats
  5 endoplasms
  A giant cockroach (Lair:2)
  12 goblins
  5 hobgoblins
  3 jackals (D:1)
  9 kobolds
  4 quokkas
  3 frilled lizards
  6 rats
556 creatures vanquished.

Vanquished Creatures (others)
  An orc (Orc:2)
  58 fungi
  64 plants
123 creatures vanquished.

Grand Total: 679 creatures vanquished

Notes
Turn   | Place    | Note
-------+----------+-------------------------------------------
     0 | D:1      | Essalna the Gargoyle Earth Elementalist began the quest for
                  | the Orb.
     0 | D:1      | Reached XP level 1. HP: 10/10 MP: 3/3
   356 | D:1      | Reached XP level 2. HP: 8/15 MP: 1/5
   390 | D:1      | Reached skill level 4 in Earth Magic
  1154 | D:1      | Reached XP level 3. HP: 19/19 MP: 2/6
  1547 | D:1      | Learned a level 2 spell: Passwall
  1551 | D:1      | Learned a level 3 spell: Stone Arrow
  1792 | D:2      | Noticed Sigmund
  1947 | D:2      | Reached skill level 1 in Conjurations
  1947 | D:2      | Reached XP level 4. HP: 23/24 MP: 4/8
  2281 | D:2      | Found a faded altar of an unknown god.
  2285 | D:2      | Got Plato's Reference Book on Summoning
  3073 | D:3      | Found a shadowy altar of Dithmenos.
  3126 | D:3      | Reached skill level 5 in Earth Magic
  3325 | D:3      | Reached XP level 5. HP: 15/28 MP: 9/9
  3498 | D:3      | Found a basalt altar of Yredelemnul.
  3925 | D:4      | Noticed an orc warrior
  3995 | D:4      | Found a shimmering blue altar of Sif Muna.
  4093 | D:4      | Got Sif Muna's Papyrus of the Congealing Arsonist
  4098 | D:4      | Found a bloodstained altar of Trog.
  4232 | D:4      | Noticed Duvessa
  4232 | D:4      | Noticed Dowan
  4445 | D:4      | Killed Duvessa
  4446 | D:4      | Reached XP level 6. HP: 5/32 MP: 0/11
  4746 | D:4      | Noticed Eustachio
  4751 | D:4      | Killed Eustachio
  4752 | D:4      | Reached skill level 6 in Earth Magic
  4852 | D:4      | Killed Dowan
  4853 | D:4      | Reached XP level 7. HP: 27/36 MP: 0/13
  5193 | D:5      | Entered Level 5 of the Dungeon
  5909 | D:5      | Found a staircase to the Ecumenical Temple.
  5917 | Temple   | Entered the Ecumenical Temple
  5986 | Temple   | Became a worshipper of Vehumet
  6389 | D:5      | Reached skill level 7 in Earth Magic
  6391 | D:5      | Reached skill level 5 in Spellcasting
  6748 | D:5      | Reached skill level 5 in Conjurations
  6748 | D:5      | Reached XP level 8. HP: 41/41 MP: 5/15
  6830 | D:5      | Noticed Pikel
  6977 | D:5      | Killed Pikel
  6978 | D:5      | Reached skill level 8 in Earth Magic
  8022 | D:2      | Killed Sigmund
  8023 | D:2      | Reached XP level 9. HP: 42/45 MP: 11/18
  8153 | D:6      | Reached skill level 1 in Fighting
  8317 | D:6      | Reached skill level 9 in Earth Magic
  8383 | D:6      | Found a white marble altar of Elyvilon.
  8383 | D:6      | Found a glowing silver altar of Zin.
  8383 | D:6      | Found a glowing golden altar of the Shining One.
  8387 | D:6      | Identified the +7 dagger of the Saviour {vorpal, rElec
                  | Int+3}
  8440 | D:6      | Reached skill level 1 in Shields
  8479 | D:6      | Found a broken altar of Ashenzari.
  9024 | D:7      | Found a snail-covered altar of Cheibriados.
  9452 | D:7      | Reached * piety under Vehumet
  9452 | D:7      | Offered knowledge of Magic Dart by Vehumet.
 10135 | D:6      | Found Enouck's Antique Armour Shoppe.
 10143 | D:6      | Bought a fading ring mail for 225 gold pieces
 10143 | D:6      | Identified the +1 ring mail "Wasadili" {Harm Will+ Dex+3}
                  | (You bought it in a shop on level 6 of the Dungeon)
 10145 | D:6      | Bought a runed cloak for 187 gold pieces
 11018 | D:8      | Found a flagged portal.
 11071 | Bailey   | Entered a bailey
 11402 | Bailey   | Reached XP level 10. HP: 38/56 MP: 7/20
 12016 | Bailey   | Reached skill level 10 in Earth Magic
 12069 | Bailey   | Reached ** piety under Vehumet
 12069 | Bailey   | Offered knowledge of Shock by Vehumet.
 12740 | Bailey   | Reached skill level 5 in Fighting
 13264 | D:8      | Reached skill level 1 in Armour
 13554 | D:8      | Identified the +8 broad axe "Arrah" {vorpal, rC+++ Will+
                  | Str+3 SInv}
 13779 | D:8      | Found an opulent altar of Gozag.
 13790 | D:8      | Noticed a two-headed ogre
 13795 | D:8      | Killed a two-headed ogre
 13796 | D:8      | Reached XP level 11. HP: 44/64 MP: 14/23
 14050 | D:9      | Offered knowledge of Scorch by Vehumet.
 14051 | D:9      | Reached skill level 11 in Earth Magic
 14402 | D:9      | Reached *** piety under Vehumet
 14748 | D:9      | Noticed a two-headed ogre
 14753 | D:9      | Killed a two-headed ogre
 14754 | D:9      | Reached skill level 5 in Armour
 14821 | D:9      | Found a staircase to the Lair.
 15069 | D:9      | Found an ancient bone altar of Kikubaaqudgha.
 15367 | Lair:1   | Entered Level 1 of the Lair of Beasts
 15814 | Lair:1   | Offered knowledge of Dazzling Flash by Vehumet.
 16692 | Lair:2   | Reached skill level 10 in Conjurations
 16692 | Lair:2   | Reached XP level 12. HP: 41/72 MP: 0/24
 17037 | Lair:2   | Reached **** piety under Vehumet
 17172 | Lair:2   | Learned a level 6 spell: Iron Shot
 17220 | Lair:2   | Reached skill level 12 in Earth Magic
 17359 | Lair:2   | Found a hole to the Spider Nest.
 17525 | Lair:3   | Offered knowledge of Ignite Poison by Vehumet.
 18428 | Lair:2   | Reached skill level 5 in Dodging
 19244 | Lair:3   | Found a staircase to the Shoals.
 19501 | Lair:3   | Reached XP level 13. HP: 65/79 MP: 4/26
 19526 | Lair:3   | Reached ***** piety under Vehumet
 19738 | Lair:3   | Got Goschok's Handbook of Dusty Black Secrets
 20075 | Lair:4   | Offered knowledge of Olgreb's Toxic Radiance by Vehumet.
 20320 | Lair:4   | Reached skill level 10 in Armour
 20407 | Lair:4   | Reached skill level 13 in Earth Magic
 20950 | Lair:4   | Reached skill level 10 in Spellcasting
 24421 | Lair:6   | Entered Level 6 of the Lair of Beasts
 24423 | Lair:6   | Gained mutation: Your large and strong wings let you fly.
                  | [Gargoyle growth]
 24423 | Lair:6   | Reached XP level 14. HP: 87/87 MP: 24/28
 24507 | Lair:5   | Reached skill level 10 in Fighting
 25060 | Lair:6   | Offered knowledge of Eringya's Noxious Bog by Vehumet.
 25693 | Lair:6   | Reached skill level 14 in Earth Magic
 26035 | Lair:6   | Found a runed translucent door.
 26036 | Lair:6   | Found a viscous altar of Jiyva.
 26037 | Lair:6   | Found a staircase to the Slime Pits.
 26037 | Lair:6   | Noticed an acid blob
 26037 | Lair:6   | Noticed an acid blob
 26408 | Lair:6   | Killed an acid blob
 26411 | Lair:6   | Killed an acid blob
 28464 | D:10     | Entered Level 10 of the Dungeon
 28974 | D:10     | Found a transporter.
 28974 | D:10     | Found a transporter.
 28980 | D:10     | Found a viscous altar of Jiyva.
 29158 | D:10     | Noticed Conn's ghost (journeyman OpFE)
 29159 | D:10     | Found a runed translucent door.
 29675 | D:10     | Killed Conn's ghost
 30086 | D:10     | Identified the +6 great sword of a Gauntlet {venom, rPois
                  | Int-3 SInv Stlth+}
 30640 | D:11     | Offered knowledge of Fireball by Vehumet.
 30899 | D:11     | Learned a level 5 spell: Fireball
 30914 | D:11     | Reached XP level 15. HP: 94/94 MP: 13/30
 31283 | D:11     | Found Pecoip's Weapon Emporium.
 31290 | D:11     | Found a staircase to the Orcish Mines.
 31290 | D:11     | Found Zerph's Armour Emporium.
 31868 | Orc:1    | Entered Level 1 of the Orcish Mines
 31880 | Orc:1    | Reached skill level 1 in Fire Magic
 31905 | Orc:1    | Found a one-way gate to the infinite horrors of the Abyss.
 31905 | Orc:1    | Noticed mfcas's ghost (journeyman DjCj)
 31931 | Orc:1    | Found a frozen archway.
 31945 | Orc:1    | Noticed Sonja
 31953 | Orc:1    | You are sucked into a shaft and drop 1 floor!
 31953 | Orc:2    | Entered Level 2 of the Orcish Mines
 31954 | Orc:2    | Gained mutation: You are robust. (+10% HP) [potion of
                  | mutation]
 31954 | Orc:2    | Gained mutation: You expend magic power (3 MP) to
                  | strengthen your wands. [potion of mutation]
 31956 | Orc:2    | Killed from afar by an orc sorcerer

Illustrated notes

Levels and vault maps discovered:
D:1:      dpeg_arrival_houses_and_road, layout_basic
D:2:      layout_basic, shapermc_ecumenical_altar_rom_forum,
          chequers_serial_rivers_small_3, uniq_sigmund
D:3:      layout_basic, lemuel_crystal_altar, mainiacjoe_overflow_paths
D:4:      layout_basic, nzn_overflow_gifts_of_might_and_magic, uniq_duvessa,
          uniq_eustachio
D:5:      layout_basic, minmay_temple_entry_arrows, kennysheep_generic_room_16,
          uniq_pikel
D:6:      layout_gridville, good_gods_mini_temple, mainiacjoe_overflow_alcove_2,
          serial_shops, nicolae_diamond_shop, grunt_tough_drop
D:7:      layout_basic, amcnicky_altar_gilded
D:8:      layout_gridville, mainiacjoe_overflow_concentric_impassable,
          enter_bailey_5
D:9:      layout_irregular_city, marbit_many_paths, lair_entry_dummy,
          minmay_unpleasant_kobolds
D:10:     gammafunk_jiyva_shrine, layout_basic, hellmonk_ghost_happy_afterlife
D:11:     layout_roguey [special_room_orc], orc_david_3
Temple:   jpeg_temple_clearing
Lair:1:   layout_regular_city
Lair:2:   layout_concentric_octagons, nicolae_spider_entry_non_spiders
Lair:3:   layout_cave_pods, elwin_shoals_entry_stream
Lair:4:   layout_cave_shapes, grunt_megastairs_2
Lair:5:   layout_regular_city, nicolae_lair_lindhole, infiniplex_staircase_pool
Lair:6:   minmay_lair_end_enchanted_forest, layout_regular_city, slime_altar_2
Orc:1:    layout_caves, gammafunk_ghost_abyssal_escape, special_room
          [special_room_orc], portal_ice_cave_demonic_guard,
          lemuel_statue_altar, nicolae_shop_overcharged_wands, uniq_sonja
Orc:2:    st_orc_ogre_mass, layout_caves, uniq_erolcha

Skill      XL: |  1  2  3  4  5  6  7  8  9 10 11 12 13 14 15 |
---------------+----------------------------------------------+-----
Earth Magic    | 4 5 6 7 8 9 10 11 12 13 14 | 14.7
Conjurations   | 1 3 5 6 7 9 10 11 12 13 | 13.0
Spellcasting   | 3 4 5 6 7 8 9 10 11 | 11.3
Fighting       | 3 5 7 8 9 11 | 11.2
Shields        | 3 4 |  4.0
Armour         | 3 7 9 11 13 | 13.5
Dodging        | 2 4 5 6 7 |  7.5
Fire Magic     | 1 |  1.3
Stealth        | |  2.1
Transmutations | |  0.7

Action                   |  1- 3 |  4- 6 |  7- 9 | 10-12 | 13-15 || total
-------------------------+-------+-------+-------+-------+-------++-------
Melee: Whip              |    55 |   131 |    38 |       |       ||   224
       Punch             |       |     2 |     2 |       |       ||     4
       Dagger            |       |       |    38 |   121 |   238 ||   397
 Cast: Sandblast         |    25 |    10 |    24 |    46 |   113 ||   218
       Stone Arrow       |     1 |    27 |   128 |   308 |   193 ||   657
       Iron Shot         |       |       |       |     2 |   195 ||   197
  Use: Scroll            |       |       |    11 |       |    10 ||    21
       Potion            |       |       |     1 |       |     1 ||     2
 Stab: Sleeping          |     1 |     2 |       |       |       ||     3
Armor: Robe              |    25 |    43 |    39 |    85 |   255 ||   447
Dodge: Dodged            |    53 |   108 |   162 |   260 |   480 ||  1063
Block: Buckler           |       |       |    12 |    56 |   121 ||   189

Table legend: (Time is in decaauts)
 A = Elapsed time spent in this place.
 B = Non-inter-level travel time spent in this place.
 C = Inter-level travel time spent in this place.
 D = Time resting spent in this place.
 E = Time spent auto-exploring this place.
 F = Levels seen in this place.
 G = Mean time per level.
                   A        B        C        D        E       F      G
               +--------+--------+--------+--------+--------+-----+--------+
         Total |  32050 |  30654 |   1396 |   1938 |  23701 |  21 | 1526.2 |
       Dungeon |  16683 |  15886 |    797 |    457 |  13203 |  11 | 1516.6 |
        Temple |    195 |    174 |     21 |    106 |     54 |   1 |  195.0 |
          Lair |  13093 |  12550 |    543 |   1375 |   9307 |   6 | 2182.2 |
  Orcish Mines |     87 |     52 |     35 |      0 |      0 |   2 |   43.5 |
        Bailey |   1990 |   1990 |      0 |      0 |   1137 |   1 | 1990.0 |
               +--------+--------+--------+--------+--------+-----+--------+

Top non-repeatable levels by time:
  Lair:5: 2926 daAuts
  Lair:6: 2833 daAuts
  Lair:4: 2230 daAuts
  Lair:3: 2143 daAuts
     D:5: 2036 daAuts
  Bailey: 1990 daAuts
    D:10: 1872 daAuts
     D:4: 1763 daAuts
     D:1: 1711 daAuts
  Lair:2: 1679 daAuts
     D:7: 1564 daAuts
     D:3: 1509 daAuts
    D:11: 1495 daAuts
     D:9: 1405 daAuts
  Lair:1: 1280 daAuts
